 Dungeon Crawl Stone Soup version 0.27-a0-1312-g5cdb2b3542 (webtiles) character file.

Game seed: 1396661664301239297

179 Shayle the Skirmisher (level 5, -5/41 HPs)
             Began as a Djinni Ice Elementalist on June 20, 2021.
             Slain by Edmund (11 damage)
             ... on level 4 of the Dungeon.
             The game lasted 00:08:43 (4041 turns).

Shayle the Skirmisher (Djinni Ice Elementalist)     Turns: 4041, Time: 00:08:43

Health: -5/41      AC:  9    Str:  7    XL:     5   Next: 90%
Gold:   56         EV: 13    Int: 18    God:
                   SH:  0    Dex: 13

rFire    + + .     SeeInvis .   b - +0 whip
rCold    x . .     Faith    .   (no shield)
rNeg     . . .     Spirit   .   a - +0 robe
rPois    ∞         Reflect  .   (no helmet)
rElec    .         Harm     .   l - +0 cloak
rCorr    .         Rampage  .   (no gloves)
Will     .....                  (boots unavailable)
Stlth    ++........             (no amulet)
HPRegen  0.13/turn              (no ring)
MPRegen  0.00/turn              (no ring)

@: ice-armoured, freezing walls, flying
A: sickness immunity, fire resistance 2, cold vulnerability 1, float, innate
caster, hp casting, extra vitality 1
a: no special abilities


You were on level 4 of the Dungeon.
You visited 1 branch of the dungeon, and saw 4 of its levels.

You collected 56 gold pieces.

Inventory:

Hand Weapons
 b - a +0 whip (weapon)
Armour
 a - a +0 robe (worn)
 l - a +0 cloak (worn)
Wands
 k - a wand of flame (17)
Scrolls
 f - 2 scrolls of fear {unknown}
 h - a scroll of silence {unknown}
 i - a scroll of identify {unknown}
 j - a scroll of noise {unknown}
 m - a scroll of fog {unknown}
 n - a scroll of teleportation {unknown}
Potions
 c - a potion of haste {unknown}
 d - a potion of attraction {unknown}
 e - a potion of might {unknown}
 g - 2 potions of magic {unknown}


   Skills:
 * Level 4.1 Fighting
 + Level 3.9 Dodging
 - Level 1.5 Stealth
 - Level 3.2 Spellcasting


You couldn't memorise any spells.
You knew the following spells:

 Your Spells              Type           Power      Damage    Failure   Level
a - Freeze                Ice            56%        1d7       4%          1
b - Frozen Ramparts       Ice            28%        1d4       12%         3
c - Ozocubu's Armour      Ice            14%        N/A       12%         3
d - Hailstorm             Conj/Ice       14%        3d5       38%         4
e - Metabolic Englaciati  Hex/Ice        7%         N/A       75%         5
f - Apportation           Tloc           28%        N/A       4%          1
g - Searing Ray           Conj           28%        3d4       6%          2
Your spell library was empty.

Dungeon Overview and Level Annotations

Branches:
Dungeon (4/15)
 Temple: D:4-7

Altars:

Annotations:
D:4 Edmund, Ijyb


Innate Abilities, Weirdness & Mutations

You are immune to sickness and miasma.
You are immune to poison.
Your flesh is very heat resistant. (rF++)
You are vulnerable to cold. (rC-)
You float through the air rather than walking.
You learn spells naturally, not from books.
Your magical power is your life essence.
You have superior vitality. (+4 HP)


Message History

There is an open door here.
An adder, Ijyb and a dart slug come into view.
Ijyb is wielding a +0 dagger and carrying a wand of acid (9).
Ijyb shouts!
The dart slug launches a dart at you. The slug dart misses you.
Ijyb zaps a wand.
The bolt of acid hits you!
You are splashed with acid!
Casting: Frozen Ramparts (dangerous; 12% risk of failure)
Confirm with . or Enter, or press ? or * to list all spells.
Casting: Frozen Ramparts (dangerous; 12% risk of failure)
Press: ? - help, Dir - look around, f - activate The walls around you are covered in ice.
The adder hisses angrily.
The wall freezes Ijyb.
Casting: Frozen Ramparts (dangerous; 12% risk of failure)
Confirm with . or Enter, or press ? or * to list all spells.
A film of ice covers your body!
The wall freezes Ijyb.
Ijyb completely misses you.
Casting: Ozocubu's Armour (dangerous; 12% risk of failure)
Confirm with . or Enter, or press ? or * to list all spells.
Aiming: Searing Ray (safe; 6% risk of failure)
Press: ? - help, Shift-Dir - straight line, f - Edmund
Aim: Edmund, wielding a +2 vorpal flail and wearing a +0 leather armour (76% to hit)
The searing ray hits Edmund.
Edmund is lightly wounded. (Press . to maintain the ray.)
* * * LOW HITPOINT WARNING * * *
The wall freezes Edmund.
The wall freezes Ijyb.
Ijyb hits you with a +0 dagger.
* * * LOW HITPOINT WARNING * * *
The wall freezes the adder.
The searing ray hits Edmund.
Edmund is moderately wounded.
* * * LOW HITPOINT WARNING * * *
The wall freezes Edmund.
The wall freezes Ijyb.
Ijyb closely misses you.
Unknown command.
The searing ray hits Edmund!
Edmund is heavily wounded.
* * * LOW HITPOINT WARNING * * *
The wall freezes Edmund.
Edmund hits you with a +2 vorpal flail!
You die...

.##.##. .# ....... .#
....... ##+## .# #
...w... ##...## .##.
....... ##.....##....
....... ##.).....#....
......g####..........##.
......S@@.'.........$...
.......####..........##.
###.#.# ##.......#.# #
## ##.....##.# ##...##
.. ##'## ### #<# #.# #.#


You could see Edmund, Ijyb, an adder and a dart slug.

Vanquished Creatures
  A hound (D:3)
  4 gnolls (D:3)
  2 adders
  A worm (D:2)
  6 dart slugs
  4 orcs (D:3)
  7 endoplasms
  2 giant cockroaches
  5 goblins (D:1)
  7 hobgoblins
  2 jackals (D:2)
  4 quokkas
  3 ball pythons
  6 bats
  6 frilled lizards
  9 kobolds
  4 rats
73 creatures vanquished.

Vanquished Creatures (others)
  3 demonic plants (D:2)
  2 withered plants (D:2)
5 creatures vanquished.

Grand Total: 78 creatures vanquished

Notes
Turn   | Place    | Note
-------+----------+-------------------------------------------
     0 | D:1      | Shayle the Djinni Ice Elementalist began the quest for the
                  | Orb.
     0 | D:1      | Reached XP level 1. HP: 15/15 MP: 0/0
    52 | D:1      | Reached skill level 1 in Fighting
    52 | D:1      | Reached XP level 2. HP: 10/22 MP: 0/0
   784 | D:1      | Reached XP level 3. HP: 17/28 MP: 0/0
   784 | D:1      | Learned a level 1 spell: Apportation
   916 | D:1      | Reached skill level 2 in Fighting
  2117 | D:2      | Reached XP level 4. HP: 26/34 MP: 0/0
  2339 | D:2      | Reached skill level 3 in Fighting
  2370 | D:2      | Found a faded altar of an unknown god.
  2941 | D:3      | Reached XP level 5. HP: 15/40 MP: 0/0
  2941 | D:3      | Learned a level 2 spell: Searing Ray
  3593 | D:3      | Noticed an ogre
  3651 | D:3      | Reached skill level 4 in Fighting
  4023 | D:4      | Noticed Edmund
  4036 | D:4      | Noticed Ijyb
  4041 | D:4      | Slain by Edmund

Illustrated notes

Levels and vault maps discovered:
D:1:      zaba_arrival_water, layout_basic
D:2:      layout_basic, shapermc_ecumenical_altar_gd, minmay_misc_feat_room,
          kennysheep_doodads
D:3:      layout_rooms
D:4:      layout_loops_corners, corexii_shack, uniq_ijyb, uniq_natasha,
          uniq_edmund, uniq_eustachio

Skill      XL: |  1  2  3  4  5 |
---------------+----------------+-----
Fighting       | 1 2 3 4 |  4.1
Dodging        | 3 |  3.9
Stealth        | |  1.5
Spellcasting   | |  3.2

Action                   |  1- 3 |  4- 6 || total
-------------------------+-------+-------++-------
Melee: Unarmed           |     2 |       ||     2
       Whip              |    28 |    33 ||    61
 Cast: Freeze            |    44 |    37 ||    81
       Frozen Ramparts   |     1 |     9 ||    10
       Searing Ray       |       |     3 ||     3
       Ozocubu's Armour  |       |     2 ||     2
 Stab: Sleeping          |     1 |       ||     1
Armor: Robe              |     9 |    12 ||    21
Dodge: Dodged            |    45 |    59 ||   104

Table legend: (Time is in decaauts)
 A = Elapsed time spent in this place.
 B = Non-inter-level travel time spent in this place.
 C = Inter-level travel time spent in this place.
 D = Time resting spent in this place.
 E = Time spent auto-exploring this place.
 F = Levels seen in this place.
 G = Mean time per level.
                   A        B        C        D        E       F      G
               +--------+--------+--------+--------+--------+-----+--------+
         Total |   4048 |   3961 |     87 |   1267 |   2058 |   4 | 1012.0 |
       Dungeon |   4048 |   3961 |     87 |   1267 |   2058 |   4 | 1012.0 |
               +--------+--------+--------+--------+--------+-----+--------+

Top non-repeatable levels by time:
     D:1: 2085 daAuts
     D:2: 1040 daAuts
     D:3: 880 daAuts
     D:4: 42 daAuts
